 Dungeon Crawl Stone Soup version 0.20.1-1-g8b1a95d (webtiles) character file.

127 tognito the Chopper (level 4, -2/39 HPs)
             Began as a Minotaur Berserker on Oct 20, 2017.
             Was a Believer of Trog.
             Slain by an ice beast (6 damage)
             ... on level 4 of the Dungeon.
             The game lasted 00:05:10 (2404 turns).

tognito the Chopper (Minotaur Berserker)            Turns: 2404, Time: 00:05:10

Health: -2/39      AC:  3    Str: 20 (22) XL:     4   Next: 85%
Magic:  3/3        EV: 12    Int:  4      God:    Trog [**....]
Gold:   68         SH:  0    Dex:  8 (10) Spells: 3/3 levels left

rFire    . . .     SeeInvis .   a - +0 war axe
rCold    . . .     Gourm    .   (no shield)
rNeg     . . .     Faith    .   b - +0 animal skin
rPois    .         Spirit   .   (helmet restricted)
rElec    .         Reflect  .   (no cloak)
rCorr    .         Harm     .   e - +0 pair of gloves
MR       .....                  (no boots)
Stlth    +.........             (no amulet)
Regen    0.2/turn               l - ring of loudness (curse)
MPRegen  0.1/turn               d - ring of stealth

@: no status effects
A: retaliatory headbutt, horns 2
a: Berserk, Trog's Hand, Burn Spellbooks, Renounce Religion


You were on level 4 of the Dungeon.
You worshipped Trog.
Trog was pleased with you.
You were not hungry.

You visited 1 branch of the dungeon, and saw 4 of its levels.

You collected 68 gold pieces.

Inventory:

Hand Weapons
 a - a +0 war axe (weapon)
Missiles
 f - 22 arrows
 i - 15 bolts
Armour
 b - a +0 animal skin (worn)
 e - a +0 pair of gloves (worn)
Jewellery
 d - a ring of stealth (right hand)
 k - an uncursed ring of flight
 l - a cursed ring of loudness (left hand)
Scrolls
 m - a scroll of identify
Potions
 g - a potion of agility
Comestibles
 c - 2 bread rations
 h - 2 royal jellies
 j - a meat ration
 n - 4 chunks of flesh


   Skills:
 - Level 3.6 Fighting
 + Level 6.8 Axes
 - Level 2.4 Armour
 - Level 2.1 Dodging


You had 3 spell levels left.
You didn't know any spells.

Dungeon Overview and Level Annotations

Branches:
Dungeon (4/15)
 Temple: D:4-7

Altars:
Elyvilon
Gozag
Qazlal
Vehumet
The Shining One


Innate Abilities, Weirdness & Mutations

You reflexively headbutt those who attack you in melee.
You have a pair of horns on your head.


Message History

You open the door.
An ice beast comes into view.
Found a potion of magic.
Found a stone staircase leading up.
There is an open door here.
You slash the ice beast! Your headbutt misses the ice beast.
The ice beast is moderately wounded.
The ice beast hits you. The ice beast freezes you!
You slash the ice beast!
The ice beast is heavily wounded.
The ice beast hits you. The ice beast freezes you!
* * * LOW HITPOINT WARNING * * *
You barely miss the ice beast.
The ice beast is heavily wounded.
The ice beast barely misses you.
You hit the ice beast but do no damage.
The ice beast is heavily wounded.
The ice beast hits you.
* * * LOW HITPOINT WARNING * * *
The ice beast freezes you.
You die...

.....# .....#
.....# #####
.!..#
###...##<...##
#....)#......#
#.(...#......#
#....<'@Y....#
####+###..####
..# .... .....
.......
#######


You could see an ice beast.

Vanquished Creatures
  Natasha (twice) (D:3)
  3 adders
  2 dart slugs (D:1)
  A leopard gecko (D:1)
  4 orcs
  5 giant cockroaches
  5 goblins
  2 hobgoblins (D:2)
  5 kobolds
  2 quokkas (D:3)
  2 ball pythons
  4 bats
  4 frilled lizards
  4 rats
45 creatures vanquished.

Notes
Turn   | Place    | Note
-------+----------+-------------------------------------------
     0 | D:1      | tognito the Minotaur Berserker began the quest for the Orb.
     0 | D:1      | Reached XP level 1. HP: 19/19 MP: 0/0
   133 | D:1      | Reached skill level 4 in Axes
   287 | D:1      | Reached XP level 2. HP: 26/26 MP: 1/1
  1230 | D:2      | Reached skill level 5 in Axes
  1250 | D:2      | Found a white marble altar of Elyvilon.
  1417 | D:2      | Found a glowing golden altar of the Shining One.
  1501 | D:2      | Found a stormy altar of Qazlal.
  1501 | D:2      | Found an opulent altar of Gozag.
  1555 | D:2      | Reached XP level 3. HP: 31/31 MP: 2/2
  1762 | D:3      | Found a radiant altar of Vehumet.
  1938 | D:3      | Noticed Natasha
  1947 | D:3      | Killed Natasha
  1947 | D:3      | Reached skill level 6 in Axes
  1947 | D:3      | Reached XP level 4. HP: 18/39 MP: 3/3
  2113 | D:3      | Found a faded altar of an unknown god.
  2342 | D:3      | Reached ** piety under Trog
  2360 | D:3      | Noticed Natasha
  2367 | D:3      | Killed Natasha
  2398 | D:4      | Noticed an ice beast
  2404 | D:4      | Slain by an ice beast

Skill      XL: |  1  2  3 |
---------------+----------+-----
Axes           | 4 5 6 |  6.8
Fighting       | |  3.6
Armour         | |  2.4
Dodging        | |  2.1

Action                   |  1- 3 |  4- 6 || total
-------------------------+-------+-------++-------
Melee: Hand axe          |    61 |    11 ||    72
       Headbutt          |     7 |     2 ||     9
       War axe           |       |    17 ||    17
  Use: Potion            |     2 |     3 ||     5
       Scroll            |     4 |     1 ||     5
  Eat: Meat ration       |     1 |       ||     1
Armor: Animal skin       |     5 |     4 ||     9
       Scale mail        |    10 |       ||    10
Dodge: Dodged            |    41 |    11 ||    52
